[Event "58th Akiba Rubinstein A 2022"]
[Site "Polanica-Zdroj"]
[Date "2022.08.14"]
[Round "2.12"]
[White "Kowalczyk, Rafal"]
[Black "Kejna, Piotr"]
[Result "1-0"]
[ECO "B75"]
[WhiteElo "2239"]
[BlackElo "1970"]
[Annotator "TA"]
[PlyCount "85"]
[EventDate "2022.08.13"]
[EventCountry "POL"]
[SourceTitle "playchess.com"]
[Source "ChessBase"]
[SourceQuality "1"]
[TimeControl "40/5400+30:1800+30"]

1. e4 c5 2. Nf3 d6 3. d4 cxd4 4. Nxd4 Nf6 5. Nc3 g6 6. Be3 Bg7 7. f3 a6 8. Qd2 h5 {[%emt 0:00:08] 8...b5 is a critical line. B75: Sicilian Dragon: Yugoslav Attack, Miscellaneous.} 9. Be2 Nbd7 10. a4 b6 {[%emt 0:01:47] White is slightly better.} 11. Nd5 Nxd5 (11... Bb7 $14) 12. exd5 $16 Bb7 13. c4 Rc8 (13... O-O $142) 14. O-O O-O {[%emt 0:10:04] [#]} 15. f4 $146 {[%emt 0:04:10][%cal Bf3f4,Bf4f5][%mdl 32] Strongly threatening f5. 0x0.001b83d807d0dp-1022s more active pieces.} ({Predecessor:} 15. a5 bxa5 16. Rxa5 Nc5 17. b4 Bxd4 18. Bxd4 Nb3 19. Qe3 Nxd4 20. Qxd4 Re8 21. f4 {½-½ (59) Szabo,G (2516)-Antal,H (2223) Targu Mures 2022}) 15... Nc5 16. f5 {[%emt 0:03:55] Inhibits e6.} e5 17. dxe6 fxe6 18. fxg6 Qh4 {[%emt 0:03:01] Threatens to win with ...Be5.} 19. Nf3 {[%emt 0:14:57] Chess con chili.} Bxf3 (19... Qe4 $14 20. Rae1 e5) 20. Bxf3 (20. Rxf3 $16 Rxf3 21. Bxf3 (21. gxf3 Be5 $11)) 20... Nb3 $11 21. Qe1 (21. Qxd6 {seems wilder.} Nxa1 22. Rxa1 Qf6 23. Qxb6 Rb8 24. Qc5) 21... Qxe1 (21... Qxc4 $11 22. Rd1 Nd4) 22. Raxe1 $14 {[%emt 0:00:11] White wants to play Rd1.} Rxc4 23. Bxh5 {[%emt 0:07:08] This bishop pair is nice.} Rxa4 {[%emt 0:04:30] [#]} (23... Rxf1+ $14 24. Kxf1 Rxa4) 24. Rxf8+ $1 $16 (24. Bxb6 $6 Rxf1+ 25. Kxf1 Rb4 $11) 24... Kxf8 {[%emt 0:00:50] [#]} 25. Bd1 $1 ({Don't play} 25. Bxb6 $6 Be5 $11) 25... Rb4 26. h4 Nd4 27. h5 {[%emt 0:06:17] h6 is the strong threat.} Nf5 {[%emt 0:00:09] Inhibits h6.} 28. Bf2 (28. Bg5 $18) 28... Be5 29. Rf1 Kg7 30. b3 Bd4 31. g4 Nh6 (31... Ne3 $16 {was necessary.} 32. Bxe3 Bxe3+ 33. Kg2 Bf4) 32. Kg2 {[%emt 0:00:29] Black must now prevent Bh4.} Bxf2 33. Rxf2 $18 {[%emt 0:00:02][%mdl 4096] Endgame And now Kg3 would win. KRB-KRN} a5 $2 ({Weaker is} 33... Rd4 34. Bf3 $16 (34. Be2 a5 $14)) (33... Nxg4 34. Rf7+ Kg8) 34. Rc2 {[%emt 0:00:26] aiming for g5.} Kf6 35. Rc7 Nxg4 36. Rf7+ Kg5 37. g7 Nh6 38. Rf8 {[%emt 0:00:27] Hoping for Rh8.} Ng8 (38... Re4 $142 39. Bf3 Re5 40. g8=Q+ Nxg8) 39. Rxg8 {[%emt 0:00:17] Rf8 would kill now.} Kh6 40. Re8 Kxg7 41. Rxe6 b5 42. h6+ Kh8 43. Kg3 {[%emt 0:00:51] Weighted Error Value: White=0.11 (very precise) /Black=0.55} 1-0

[Event "58th Akiba Rubinstein A 2022"]
[Site "Polanica-Zdroj"]
[Date "2022.08.14"]
[Round "2.13"]
[White "Kazmierowski, Tymon"]
[Black "Siekanska, Zuzanna"]
[Result "1/2-1/2"]
[ECO "D30"]
[WhiteElo "1961"]
[BlackElo "1712"]
[Annotator "NA RC"]
[PlyCount "77"]
[EventDate "2022.08.13"]
[EventCountry "POL"]
[SourceTitle "playchess.com"]
[Source "ChessBase"]
[SourceQuality "1"]
[TimeControl "40/5400+30:1800+30"]

1. d4 d5 2. c4 e6 3. Nf3 Nf6 4. g3 dxc4 5. Qa4+ Bd7 6. Qxc4 Bc6 7. Bg2 Bd5 8. Qd3 Be4 9. Qd1 c5 10. O-O cxd4 11. Qxd4 Qxd4 12. Nxd4 Bxg2 13. Kxg2 Bc5 14. Nb3 Bb6 15. Nc3 O-O 16. Bf4 Na6 17. Rfd1 Rfd8 18. Kf3 Nc5 19. Nxc5 Bxc5 20. Bc7 Rxd1 21. Rxd1 Rc8 22. Be5 Be7 23. e4 Rd8 24. Rxd8+ Bxd8 25. Bd4 a6 26. Na4 Nd7 27. Nc5 Nxc5 28. Bxc5 e5 29. Ke3 f6 30. Kd3 Kf7 31. Kc4 Ke6 32. Bf8 g6 33. Bc5 f5 34. Kd3 h5 35. f3 Ba5 36. Be3 Bc7 37. Bf2 Ba5 38. Be3 Bc7 39. Bf2 1/2-1/2

[Event "58th Akiba Rubinstein A 2022"]
[Site "Polanica-Zdroj"]
[Date "2022.08.14"]
[Round "2.14"]
[White "Walkusz, Witoslaw"]
[Black "Iwanczuk, Krzysztof"]
[Result "0-1"]
[ECO "D85"]
[WhiteElo "2001"]
[BlackElo "1947"]
[Annotator "NA RC"]
[PlyCount "76"]
[EventDate "2022.08.13"]
[EventCountry "POL"]
[SourceTitle "playchess.com"]
[Source "ChessBase"]
[SourceQuality "1"]
[TimeControl "40/5400+30:1800+30"]

1. d4 Nf6 2. c4 g6 3. Nc3 d5 4. cxd5 Nxd5 5. Na4 Bg7 6. e4 Nb6 7. Be3 O-O 8. Nf3 Nc6 9. Bb5 Na5 10. Rc1 c6 11. Be2 Nxa4 12. Qxa4 b5 13. Qa3 Be6 14. b3 Rc8 15. O-O Nb7 16. Rfd1 Nd6 17. d5 cxd5 18. Rxc8 Bxc8 19. Nd4 dxe4 20. Qxa7 Bd7 21. Nxb5 Bxb5 22. Bxb5 Nxb5 23. Qd7 Qxd7 24. Rxd7 e6 25. a4 Ra8 26. g4 Nc3 27. a5 Nd5 28. Bd2 Bf8 29. Rb7 Bd6 30. b4 Rb8 31. Rxb8+ Bxb8 32. b5 Kf8 33. g5 Ke7 34. Bc1 Kd7 35. Ba3 Bd6 36. Bb2 Bb4 37. a6 Bc5 38. Kg2 Nc7 0-1

[Event "58th Akiba Rubinstein A 2022"]
[Site "Polanica-Zdroj"]
[Date "2022.08.14"]
[Round "2.15"]
[White "Motyl, Tomasz"]
[Black "Lambrecht, Tomasz"]
[Result "1/2-1/2"]
[ECO "C47"]
[WhiteElo "1936"]
[BlackElo "1956"]
[Annotator "NA RC"]
[PlyCount "66"]
[EventDate "2022.08.13"]
[EventCountry "POL"]
[SourceTitle "playchess.com"]
[Source "ChessBase"]
[SourceQuality "1"]
[TimeControl "40/5400+30:1800+30"]

1. e4 e5 2. Nf3 Nc6 3. Nc3 Nf6 4. a3 d5 5. exd5 Nxd5 6. Bb5 Nxc3 7. bxc3 Bd6 8. d4 exd4 9. cxd4 O-O 10. Bg5 Qe8+ 11. Be2 Bg4 12. O-O h6 13. Be3 Ne7 14. h3 Bh5 15. c4 c6 16. Re1 Qd8 17. Qb3 Rb8 18. Rad1 Kh8 19. Bc1 f6 20. Nd2 Bxe2 21. Rxe2 Bf4 22. Nf3 Bxc1 23. Rxc1 Nf5 24. Qd3 Qd7 25. Rce1 Rbd8 26. Re4 Rf7 27. Re6 Nxd4 28. Nxd4 c5 29. R6e4 cxd4 30. Rd1 Re7 31. Qxd4 Qxd4 32. Rdxd4 Rxe4 33. Rxd8+ Kh7 1/2-1/2

[Event "58th Akiba Rubinstein A 2022"]
[Site "Polanica-Zdroj"]
[Date "2022.08.14"]
[Round "2.16"]
[White "Kolodziejski, Piotr"]
[Black "Nowak, Filip"]
[Result "1-0"]
[ECO "B81"]
[WhiteElo "2107"]
[BlackElo "1957"]
[Annotator "TA"]
[PlyCount "81"]
[EventDate "2022.08.13"]
[EventCountry "POL"]
[SourceTitle "playchess.com"]
[Source "ChessBase"]
[SourceQuality "1"]
[TimeControl "40/5400+30:1800+30"]

1. e4 c5 2. Nf3 e6 3. d4 cxd4 4. Nxd4 Nf6 5. Nc3 d6 6. g4 h6 7. h4 Nc6 8. Rg1 h5 9. gxh5 Nxh5 10. Bg5 Nf6 11. Qd2 Qb6 12. Nb3 Bd7 13. O-O-O a6 14. Kb1 {[%emt 0:06:08] B81: Sicilian Scheveningen: Keres Attack.} Qc7 15. Bxf6 (15. Be2 $16) 15... gxf6 $11 16. Qf4 {[%emt 0:01:49] [#] The position is equal.} O-O-O $146 ({Predecessor:} 16... Ne5 17. Qxf6 Rh6 18. Qf4 Ng6 19. Qe3 Rxh4 20. f4 O-O-O 21. f5 Ne5 22. Nd4 Kb8 {0-1 (44) Nitin,S (2353)-Vorobiov,E (2520) Graz 2020}) 17. Be2 (17. Qxf6 Be7 18. Qxf7 Rdf8 $11) 17... Be7 18. h5 Kb8 19. Qe3 Ne5 20. Nd2 Bc6 21. f4 Nd7 22. Rg7 Rdf8 23. Nb3 {[%emt 0:04:50] Nd4 is the strong threat.} b5 ({Black should play} 23... f5 $14) 24. Bf3 (24. f5 $1 $18 ) 24... Bb7 25. Rh1 {[%emt 0:04:03] 0x0.0005ed18a068dp-1022s more active pieces.} ({White should try} 25. a3 $16) 25... Nb6 $14 26. Nd2 (26. Qd4 $11 {remains equal.}) 26... b4 $17 27. Ne2 d5 $1 28. Nd4 Bc5 (28... dxe4 $15 29. Nxe4 (29. Bxe4 Nd5 $17) 29... Nd5) 29. N2b3 (29. e5 $11) 29... Nc4 30. Qd3 {[%emt 0:03:06] Threatens to win with Nxe6.} Bxd4 31. Qxd4 (31. Nxd4 $2 dxe4 32. Qd1 (32. Bxe4 $2 Bxe4 33. Nxe6 Qc8 $19) 32... Rd8 $19) 31... Qxf4 (31... e5 $1 $15 32. fxe5 fxe5) 32. Be2 Qe3 33. Qxe3 Nxe3 34. Nc5 $36 {[%mdl 2048] Hoping for Nd7+. White has the initiative.} Ka7 35. Rh3 Nxc2 36. Kxc2 $2 ({White has to play} 36. Nxb7 $18 Nd4 37. Nd6 $1) 36... Rc8 $11 37. Rxf7 Rxc5+ 38. Kd2 Rh6 (38... dxe4 $11 39. a3 f5) 39. Rg3 $16 dxe4 $2 {[%emt 0:01:07][%mdl 8192] [#]} (39... Kb6 $16) 40. Rgg7 $1 $18 e3+ 41. Kxe3 {[%emt 0:01:34] Weighted Error Value: White=0.34/Black=0.58} 1-0

[Event "58th Akiba Rubinstein A 2022"]
[Site "Polanica-Zdroj"]
[Date "2022.08.15"]
[Round "3.1"]
[White "Koziorowicz, Michal"]
[Black "Cyborowski, Lukasz"]
[Result "1/2-1/2"]
[ECO "B48"]
[WhiteElo "2231"]
[BlackElo "2483"]
[Annotator "TA"]
[PlyCount "35"]
[EventDate "2022.08.13"]
[EventCountry "POL"]
[SourceTitle "playchess.com"]
[Source "ChessBase"]
[SourceQuality "1"]
[TimeControl "40/5400+30:1800+30"]

1. e4 c5 2. Nf3 e6 3. Nc3 Nc6 4. d4 cxd4 5. Nxd4 Qc7 6. Be3 a6 7. Qd2 {[%emt 0:02:00] 7.g4 is more advanced technology.} Nf6 8. f3 Bb4 {[%emt 0:00:32] [#]} {Predecessor:} 9. O-O-O $146 {B48: Sicilian: Taimanov: 5 Nc3 Qc7 6 Be3 a6 without Be2.} O-O 10. Nb3 d5 11. a3 Bxc3 12. Qxc3 dxe4 13. fxe4 Nxe4 14. Qc4 f5 15. Be2 b5 16. Qd3 Rd8 17. Nd4 Nxd4 18. Bxd4 {0-1 (42) Meskovs,N (2585)-Ivanisevic,I (2604) Chess.com INT 2020} 1/2-1/2

[Event "58th Akiba Rubinstein A 2022"]
[Site "Polanica-Zdroj"]
[Date "2022.08.15"]
[Round "3.2"]
[White "Razin, Vadim"]
[Black "Skrzypczynski, Kacper"]
[Result "1-0"]
[ECO "D15"]
[WhiteElo "2428"]
[BlackElo "1793"]
[Annotator "TA"]
[PlyCount "61"]
[EventDate "2022.08.13"]
[EventCountry "POL"]
[SourceTitle "playchess.com"]
[Source "ChessBase"]
[SourceQuality "1"]
[TimeControl "40/5400+30:1800+30"]

1. d4 d5 2. Nf3 Nf6 3. c4 c6 4. Nc3 dxc4 5. e4 b5 6. e5 Nd5 7. Be2 e6 {[%emt 0:03:38] D15: Slav Defence: 4 Nc3 a6 and gambit lines after 4 Nc3 dxc4.} 8. a4 Nxc3 (8... Nd7 {is more complex.} 9. O-O N7b6 10. Ng5 Be7) 9. bxc3 Bb7 (9... Nd7 $11) 10. O-O {[%emt 0:02:57][%mdl 1024] White has compensation.} a6 11. Ng5 {[%emt 0:09:39][%cal Bf3g5,Bg5e4,Be4d6][%mdl 32] [#]} Qc7 $146 (11... Be7 $11 12. Ne4 Nd7) ({Predecessor:} 11... Be7 12. Ne4 Nd7 13. Ba3 Bxa3 14. Rxa3 O-O 15. Nd6 Qc7 16. f4 Nb6 17. f5 exf5 18. Rxf5 {0-1 (61) Gefenas,V (2280)-Cox,J (2392) Vilnius 2014}) 12. f4 h6 13. Ne4 {[%emt 0:12:15] Hoping for f5.} c5 14. Bf3 {[%emt 0:02:44][%cal Of4f5] [#] And now f5! would win. 0x0.0013bc346de4dp-1022s more active pieces.} Nd7 15. Nd6+ Bxd6 16. exd6 Qb8 17. dxc5 Bxf3 $4 (17... Nxc5 $16 18. axb5 O-O) 18. Qxf3 $18 Nxc5 19. Qc6+ Nd7 20. Be3 {[%emt 0:00:40] Inhibits Qb6.} ({Better is} 20. axb5 $18 {aiming for Be3.} Qb6+ 21. Rf2) 20... Qc8 $2 (20... bxa4 $16 21. Rxa4 Qc8) 21. axb5 a5 (21... Qxc6 $142 22. bxc6 Nb8 23. d7+ Nxd7 24. cxd7+ Kxd7) 22. Qxc8+ {[%emt 0:01:28] White is clearly winning.} Rxc8 23. Rxa5 Rb8 24. Rb1 O-O (24... Nf6 $142 25. Bd4 Nd5 26. Bxg7 Rg8) 25. b6 Rb7 26. Ra7 Rfb8 27. Rxb7 Rxb7 28. Ra1 {[%emt 0:00:04] [#] Threatens to win with Ra7.} Rb8 29. Ra7 Nxb6 30. Bxb6 Rxb6 31. Ra8+ {[%emt 0:00:12] Weighted Error Value: White=0.20 (precise) /Black=0.74} 1-0

[Event "58th Akiba Rubinstein A 2022"]
[Site "Polanica-Zdroj"]
[Date "2022.08.15"]
[Round "3.3"]
[White "Antoniewicz, Jakub"]
[Black "Siekanska, Maria"]
[Result "0-1"]
[ECO "D02"]
[WhiteElo "1931"]
[BlackElo "1964"]
[Annotator "NA RC"]
[PlyCount "120"]
[EventDate "2022.08.13"]
[EventCountry "POL"]
[SourceTitle "playchess.com"]
[Source "ChessBase"]
[SourceQuality "1"]
[TimeControl "40/5400+30:1800+30"]

1. d4 d5 2. Nf3 e6 3. g3 Nf6 4. Bg2 c5 5. O-O Nc6 6. c4 Be7 7. Bf4 O-O 8. dxc5 Bxc5 9. a3 $11 Ne4 10. b4 Be7 11. Qb3 Bf6 12. cxd5 Bxa1 13. dxc6 bxc6 14. Nbd2 Nxd2 15. Nxd2 e5 16. Bxc6 Be6 17. Qf3 Rc8 18. Rxa1 exf4 19. Nf1 Qf6 20. Re1 fxg3 21. hxg3 Qxf3 22. Bxf3 Rc3 23. Ra1 Rfc8 24. Kg2 Rc1 25. Rxc1 Rxc1 26. Ne3 Ra1 27. Nc2 Ra2 28. Be4 Bb3 29. Nd4 Rxa3 30. Bd3 Bd5+ 31. f3 Ra4 32. Nc2 Bb3 33. b5 Bxc2 34. Bxc2 Rb4 35. Bd3 Kf8 36. Kf2 g6 37. e4 Ke7 38. Ke3 Kd6 39. Kf4 f6 40. g4 h6 41. Ke3 Kc5 42. f4 Rxb5 43. Bxb5 Kxb5 44. Kd4 a5 45. Kd5 a4 46. e5 fxe5 47. fxe5 Kb6 48. Kd6 a3 49. e6 a2 50. e7 a1=Q 51. e8=Q Qd4+ 52. Ke7 Qe5+ 53. Kf7 Qxe8+ 54. Kxe8 h5 55. g5 h4 56. Kf7 h3 57. Kxg6 h2 58. Kf7 h1=Q 59. g6 Qd5+ 60. Kf6 Qg8 0-1

[Event "58th Akiba Rubinstein A 2022"]
[Site "Polanica-Zdroj"]
[Date "2022.08.15"]
[Round "3.5"]
[White "Majocha, Piotr"]
[Black "Kowalczyk, Rafal"]
[Result "0-1"]
[ECO "E10"]
[WhiteElo "2036"]
[BlackElo "2239"]
[Annotator "TA"]
[PlyCount "68"]
[EventDate "2022.08.13"]
[EventCountry "POL"]
[SourceTitle "playchess.com"]
[Source "ChessBase"]
[SourceQuality "1"]
[TimeControl "40/5400+30:1800+30"]

1. d4 Nf6 2. c4 e6 3. Nf3 d5 4. g3 c5 5. cxd5 Nxd5 6. Bg2 Nc6 7. O-O Be7 8. Nc3 Nxc3 9. bxc3 Bf6 10. e3 O-O 11. Ba3 {[%emt 0:06:32] A34: Symmetrical English: 2 Nc3, lines with ...d5.} Be7 12. Nd2 ({White should try} 12. Bxc5 $16 Bxc5 13. dxc5) 12... cxd4 $11 13. Bxe7 {[%emt 0:00:12] White has an edge.} Qxe7 14. cxd4 Bd7 {[%emt 0:00:30] [#]} 15. Nc4 $146 ({Predecessor:} 15. Rb1 Rab8 16. Qe2 Nb4 17. Ne4 Bc6 18. Qb2 Nd5 19. Rfc1 Nb6 20. Qc3 Rbc8 21. Qa5 {½-½ (38) Osipov,A (2043)-Belyaev,A (2073) Taganrog 2009}) 15... Rfd8 16. Qb3 Be8 17. a4 Rac8 18. a5 Rc7 19. Nb2 h5 20. Nd3 h4 21. Qa3 Qg5 22. Nb4 ({Better is} 22. Rfc1 $16) 22... Rdc8 23. Nxc6 Bxc6 24. e4 h3 25. Bxh3 Bxe4 26. Rad1 (26. Bg2 $15 Bxg2 27. Kxg2) 26... Qd5 {[%emt 0:01:07] 0x0.002363fefda1dp-1022s more active pieces.} 27. f3 {[%emt 0:00:24] [#] Now White is beyond hope.} (27. Qe3 $17) 27... Bc2 $1 $19 28. Rd2 Rc3 {[%emt 0:00:26][%cal Bc7c3,Bc3b3,Bb3b1][%mdl 32] Against Qe3} 29. Qb2 (29. Qa1) 29... Bd3 30. Rff2 Rb3 31. Qa2 {[%emt 0:00:16][%cal Od2d3] And now Rxd3! would win.} Rb1+ 32. Kg2 {[%emt 0:00:26] [#] Black must now prevent Qxd5.} Rcc1 $1 33. Bg4 (33. Qxb1 Bxb1) 33... Rg1+ 34. Kh3 {[%emt 0:00:04] [#]} Qg5 $1 {[%emt 0:00:09] Weighted Error Value: White=0.72/Black=0.04 (flawless)} 0-1

[Event "58th Akiba Rubinstein A 2022"]
[Site "Polanica-Zdroj"]
[Date "2022.08.15"]
[Round "3.6"]
[White "Czechowski, Jakub"]
[Black "Skurniak, Szymon"]
[Result "0-1"]
[ECO "A56"]
[WhiteElo "2003"]
[BlackElo "2051"]
[Annotator "NA RC"]
[PlyCount "70"]
[EventDate "2022.08.13"]
[EventCountry "POL"]
[SourceTitle "playchess.com"]
[Source "ChessBase"]
[SourceQuality "1"]
[TimeControl "40/5400+30:1800+30"]

1. d4 Nf6 2. c4 c5 3. d5 g6 4. Nc3 Bg7 5. Nf3 d6 6. Nd2 e6 7. e4 O-O 8. Be2 exd5 9. cxd5 Nbd7 10. O-O Re8 11. f4 c4 12. Qc2 ({Reject} 12. Nxc4 Nxe4 13. Nxe4 Rxe4 $17) (12. e5 $11 dxe5 13. Nxc4) 12... b5 $17 13. a4 b4 14. Nd1 Nc5 15. Bxc4 Ncxe4 16. Nxe4 Nxe4 17. Be3 Bf5 18. Qb3 a5 19. Nf2 Nc5 20. Bxc5 dxc5 21. Nd3 Bd4+ 22. Kh1 Ra7 23. Rae1 Rae7 24. d6 Rxe1 25. Bxf7+ Kg7 26. Rxe1 Rxe1+ 27. Nxe1 Qh4 28. Nf3 Qf2 29. h3 Be3 30. Qd1 Bc2 31. Qa1 Kxf7 32. Ne5+ Ke6 33. d7 Ke7 34. Ng4 Qe2 35. b3 Bd4 0-1

[Event "58th Akiba Rubinstein A 2022"]
[Site "Polanica-Zdroj"]
[Date "2022.08.15"]
[Round "3.7"]
[White "Dziewonski, Dariusz"]
[Black "Hetzer, Volkhard"]
[Result "1-0"]
[ECO "C57"]
[WhiteElo "2029"]
[BlackElo "1921"]
[Annotator "NA RC"]
[PlyCount "93"]
[EventDate "2022.08.13"]
[EventCountry "POL"]
[SourceTitle "playchess.com"]
[Source "ChessBase"]
[SourceQuality "1"]
[TimeControl "40/5400+30:1800+30"]

1. e4 e5 2. Nf3 Nc6 3. Bc4 Nf6 4. Ng5 d5 5. exd5 b5 6. Bf1 Nd4 7. c3 Nxd5 8. cxd4 Qxg5 9. Bxb5+ Kd8 10. O-O Bb7 11. Qf3 Rb8 12. dxe5 Ne3 $1 {[#]} 13. Qh3 $1 Qxg2+ 14. Qxg2 Nxg2 15. d4 Be7 $14 16. f4 Nh4 17. Be2 Bg2 18. Rd1 Rb6 19. Kf2 Bh3 20. Nd2 Rg6 21. Rg1 Nf5 22. Nf3 Rxg1 23. Kxg1 Bg4 24. Bd3 Kc8 25. Bxf5+ Bxf5 26. Kf2 Be4 27. Be3 Kb7 28. Nd2 Bd5 29. b3 Re8 30. Nc4 Bh4+ 31. Ke2 Be4 32. Rg1 g6 33. Bf2 Be7 34. Rd1 Rd8 35. Ne3 Bd5 36. Nxd5 Rxd5 37. Rc1 Ra5 38. a4 Rd5 39. Kd3 c6 40. Kc4 a6 41. Rd1 Kc8 42. Rd3 Bf8 43. Rh3 h6 44. f5 Kd7 45. fxg6 fxg6 46. Rf3 Be7 47. Rf7 1-0

[Event "58th Akiba Rubinstein A 2022"]
[Site "Polanica-Zdroj"]
[Date "2022.08.15"]
[Round "3.8"]
[White "Iwanczuk, Krzysztof"]
[Black "Betkowski, Andrzej"]
[Result "1/2-1/2"]
[ECO "C18"]
[WhiteElo "1947"]
[BlackElo "2063"]
[Annotator "NA RC"]
[PlyCount "62"]
[EventDate "2022.08.13"]
[EventCountry "POL"]
[SourceTitle "playchess.com"]
[Source "ChessBase"]
[SourceQuality "1"]
[TimeControl "40/5400+30:1800+30"]

1. e4 e6 2. d4 d5 3. Nc3 Bb4 4. e5 c5 5. a3 Bxc3+ 6. bxc3 Qa5 7. Bd2 Qa4 8. Qg4 Kf8 9. h4 Nc6 10. Nf3 Nge7 11. h5 h6 12. Ra2 $11 b6 13. Bd3 Ba6 14. Qf4 Bxd3 15. cxd3 Qb5 16. Ke2 c4 17. Rd1 cxd3+ 18. Kf1 Na5 19. a4 Qc4 20. Ra3 Rc8 21. Rb1 Ke8 22. Ne1 Qa6 23. Raa1 Rf8 24. Kg1 Kd7 25. Qf3 Qc4 26. Rb4 Qa6 27. Nxd3 Rc4 28. Be1 Nac6 29. Rxc4 Qxc4 30. Qd1 Na5 31. Ra3 Qc7 1/2-1/2

[Event "58th Akiba Rubinstein A 2022"]
[Site "Polanica-Zdroj"]
[Date "2022.08.15"]
[Round "3.9"]
[White "Barwinska, Ewa"]
[Black "Kolodziejski, Piotr"]
[Result "0-1"]
[ECO "B40"]
[WhiteElo "1940"]
[BlackElo "2107"]
[Annotator "NA RC"]
[PlyCount "106"]
[EventDate "2022.08.13"]
[EventCountry "POL"]
[SourceTitle "playchess.com"]
[Source "ChessBase"]
[SourceQuality "1"]
[TimeControl "40/5400+30:1800+30"]

1. e4 c5 2. Nf3 e6 3. d3 Nc6 4. g3 d6 5. Bg2 g6 6. O-O Bg7 7. c3 Nge7 8. d4 cxd4 9. cxd4 O-O 10. Be3 $11 (10. Nc3 $142) 10... Bd7 11. Nc3 a6 12. Qd2 Rc8 13. Bh6 Na5 14. Bxg7 Kxg7 15. b3 b5 16. Rac1 Qb6 17. e5 d5 18. Ne2 h6 19. h4 b4 20. Rfe1 Rc6 21. Rxc6 Naxc6 22. Qf4 Ng8 23. g4 Nb8 24. h5 Bb5 25. Ng3 Qd8 26. g5 Nc6 27. Rd1 hxg5 28. Nxg5 Qe7 29. Bh3 f5 30. Kh2 Nh6 31. Rg1 Nxd4 32. hxg6 Qxg5 33. Qxd4 Ng4+ 34. Bxg4 fxg4 35. Kg2 Kxg6 36. Rh1 Qf4 37. Qa7 Rf7 38. Qb6 Qxe5 39. Rh5 Qf6 40. Kg1 Rh7 41. Rxh7 Kxh7 42. Qc5 Kg6 43. Qxb4 d4 44. a4 Bc6 45. Qc4 Bd5 46. Qd3+ Kh6 47. Qd2+ Kh7 48. Qc2+ Kg8 49. Qc8+ Qf8 50. Qxa6 Qf3 51. Qc8+ Kh7 52. Qc2+ d3 53. Qc7+ Kg6 0-1

[Event "58th Akiba Rubinstein A 2022"]
[Site "Polanica-Zdroj"]
[Date "2022.08.15"]
[Round "3.10"]
[White "Kasprzak, Lukasz"]
[Black "Sliwerski, Radoslaw"]
[Result "1-0"]
[ECO "E32"]
[WhiteElo "1938"]
[BlackElo "1951"]
[Annotator "NA RC"]
[PlyCount "120"]
[EventDate "2022.08.13"]
[EventCountry "POL"]
[SourceTitle "playchess.com"]
[Source "ChessBase"]
[SourceQuality "1"]
[TimeControl "40/5400+30:1800+30"]

1. d4 Nf6 2. c4 e6 3. Nc3 Bb4 4. Qc2 O-O 5. a3 Bxc3+ 6. Qxc3 d5 7. Bg5 dxc4 8. Qxc4 b6 9. f3 $15 (9. Nf3 $11) 9... Ba6 10. Qa4 h6 11. Bh4 Qd7 12. Qxd7 Nbxd7 13. e4 Bxf1 14. Kxf1 c5 15. Ne2 cxd4 16. Nxd4 Rac8 17. Rd1 e5 18. Nb3 Rc2 19. Rd2 Rxd2 20. Nxd2 Rc8 21. Ke2 Nh5 22. Bg3 Kf8 23. Rd1 Nxg3+ 24. hxg3 Rc2 25. Rb1 Nc5 26. Kd1 Rxd2+ 27. Kxd2 Ke7 28. Kc3 a6 29. Rd1 Nb7 30. Kc4 Ke6 31. Kd3 Nd6 32. Rc1 Kd7 33. a4 f6 34. Ke3 Nb7 35. b4 Nd6 36. g4 Nb7 37. Kf2 Nd6 38. Kg3 Nc8 39. Kh4 g6 40. Kg3 Ne7 41. Kf2 g5 42. Ke3 Kd6 43. Rh1 Nc6 44. b5 axb5 45. axb5 Nd4 46. Rxh6 Ke6 47. Rh7 Nxb5 48. Rb7 Nd4 49. Rxb6+ Kf7 50. Kd3 Ke7 51. Kc4 Ne2 52. Rb2 Nf4 53. g3 Nh3 54. Rg2 Kd6 55. Kb5 Kd7 56. Kc5 Kc7 57. Kd5 Kd7 58. Ra2 Ng1 59. Ra7+ Kd8 60. Kd6 Kc8 1-0

[Event "58th Akiba Rubinstein A 2022"]
[Site "Polanica-Zdroj"]
[Date "2022.08.15"]
[Round "3.11"]
[White "Bugajski, Robert"]
[Black "Skrzyczek, Tomasz"]
[Result "1-0"]
[ECO "A41"]
[WhiteElo "2075"]
[BlackElo "1909"]
[Annotator "NA RC"]
[PlyCount "123"]
[EventDate "2022.08.13"]
[EventCountry "POL"]
[SourceTitle "playchess.com"]
[Source "ChessBase"]
[SourceQuality "1"]
[TimeControl "40/5400+30:1800+30"]

1. d4 d6 2. Nf3 Bg4 3. e4 Nf6 4. Nc3 e6 5. h3 Bh5 6. Be2 d5 7. exd5 $1 exd5 8. O-O Be7 9. Ne5 Bxe2 10. Qxe2 c6 11. Re1 $14 O-O 12. Ng4 Bd6 13. Bg5 Nbd7 14. Qf3 h6 15. Bh4 Kh8 16. Ne5 Qc7 17. Nxd7 Nxd7 18. Re2 f6 19. Rae1 Rfd8 20. Qg4 Nf8 21. Bg3 Qd7 22. Qf3 Nh7 23. Bxd6 Qxd6 24. Qg4 Qf8 25. Qg6 Qg8 26. Re7 Nf8 27. Qf5 Rab8 28. Na4 b6 29. Rxa7 Ra8 30. Rxa8 Rxa8 31. Nxb6 Rb8 32. Nd7 Nxd7 33. Qxd7 Qc8 34. Qxc8+ Rxc8 35. Re3 Kg8 36. Rc3 Kf7 37. b4 Rb8 38. a3 Rb6 39. Kf1 Ke6 40. Ke2 g5 41. Kd2 h5 42. Re3+ Kd6 43. Kc3 Rb8 44. Kb3 h4 45. c4 f5 46. Re5 Rf8 47. cxd5 cxd5 48. f3 g4 49. f4 gxh3 50. gxh3 Rg8 51. Rxf5 Rg3+ 52. Ka4 Rxh3 53. Rf6+ Ke7 54. Rh6 Rd3 55. Rxh4 Rxd4 56. Kb5 Rd1 57. a4 d4 58. f5 Kf6 59. a5 Ke5 60. a6 d3 61. Rh8 d2 62. Rd8 1-0

[Event "58th Akiba Rubinstein A 2022"]
[Site "Polanica-Zdroj"]
[Date "2022.08.15"]
[Round "3.12"]
[White "Paszkowski, Krystian"]
[Black "Smietanska, Wiktoria"]
[Result "0-1"]
[ECO "B27"]
[WhiteElo "1988"]
[BlackElo "1919"]
[Annotator "NA RC"]
[PlyCount "90"]
[EventDate "2022.08.13"]
[EventCountry "POL"]
[SourceTitle "playchess.com"]
[Source "ChessBase"]
[SourceQuality "1"]
[TimeControl "40/5400+30:1800+30"]

1. e4 c5 2. Nf3 g6 3. c4 Nc6 4. d4 cxd4 5. Nxd4 Nf6 6. Nc3 d6 7. f3 Nxd4 8. Qxd4 Bg7 9. Be3 O-O 10. Qd2 a5 11. Be2 a4 12. O-O Be6 13. Nb5 Bd7 14. Nd4 Qa5 15. Rfd1 Rfc8 16. Bf1 Ne8 17. Qf2 Nc7 18. Rac1 Ne6 19. Nxe6 Bxe6 20. Bd4 Qb4 21. Bxg7 Kxg7 22. a3 Qc5 23. Rc3 Ra5 24. Qxc5 Raxc5 25. Rdc1 R5c6 26. Kf2 Rb6 27. R1c2 f5 28. exf5 Bxf5 29. Re2 Kf6 30. g4 Bd7 31. Rd2 Rbc6 32. Re3 g5 33. Rc3 Be6 34. Rdc2 Bf7 35. Ke3 Bg6 36. Rd2 e5 37. Bd3 Bxd3 38. Rcxd3 Ke6 39. Rd5 Rb6 40. Rb5 Rxb5 41. cxb5 Rc5 42. h4 h6 43. hxg5 hxg5 44. b6 Rb5 45. Rh2 Rb3+ 0-1